 Dungeon Crawl Stone Soup version 0.18.1-48-g4cf74bf (webtiles) character file.

42 kobby the Slasher (level 3, -5/23 HPs)
             Began as a Tengu Berserker on July 13, 2016.
             Was a Follower of Trog.
             Slain by Crazy Yiuf
             ... wielding a +2 quarterstaff of chaos
              (6 damage)
             ... on level 2 of the Dungeon.
             The game lasted 00:03:09 (1627 turns).

kobby the Slasher (Tengu Berserker)                 Turns: 1627, Time: 00:03:10

Health: -5/23      AC:  5    Str: 17    XL:     3   Next: 56%
Magic:  4/4        EV: 11    Int: 12    God:    Trog [*.....]
Gold:   103        SH:  3    Dex: 14    Spells: 0 memorised, 2 levels left

rFire  . . .     SeeInvis .     h - +1 short sword (vamp)
rCold  . . .     Gourm    .     c - +0 ring mail
rNeg   . . .     Faith    .     e - +0 buckler
rPois  .         Spirit   .     (helmet restricted)
rElec  .         Dismiss  .     (no cloak)
rCorr  .         Reflect  .     (no gloves)
SustAt .         Harm     .     (boots unavailable)
MR     .....                    (no amulet)
Stlth  +.........               (no ring)
                                (no ring)

@: brilliant, lethally poisoned (-5 -> -15), starving, not resistant to hostile
enchantments, very unstealthy
A: beak, talons 3
a: Berserk, Burn Spellbooks, Renounce Religion


You were on level 2 of the Dungeon.
You worshipped Trog.
Trog was aware of your devotion.
You were starving.

You visited 1 branch of the dungeon, and saw 2 of its levels.

You collected 103 gold pieces.

Inventory:

Hand Weapons
 a - a +0 falchion
 h - a +1 vampiric short sword (weapon)
Armour
 b - a +0 animal skin
 c - a +0 ring mail (worn)
 e - a +0 buckler (worn)
Jewellery
 k - a +4 ring of protection {unknown}
Scrolls
 d - a scroll of random uselessness {unknown}
 f - 2 scrolls of teleportation {unknown}
 i - a scroll of fear {unknown}
 j - a scroll of enchant armour {unknown}
 l - a scroll of recharging {unknown}
 n - a scroll of remove curse {unknown}


   Skills:
 + Level 3.3 Fighting
 + Level 0.2(2.3) Short Blades
 + Level 3.9 Long Blades
 + Level 2.7 Armour
 + Level 2.6 Dodging
 + Level 0.2 Stealth


You had 2 spell levels left.
You didn't know any spells.

Dungeon Overview and Level Annotations

Branches:
Dungeon (2/15)

Altars:
Ru

Annotations:
D:2 Crazy Yiuf


Innate Abilities, Weirdness & Mutations

You have a beak for a mouth.
You have claws for feet.


Message History

You hit Crazy Yiuf but do no damage. You claw Crazy Yiuf, but do no damage.
You peck Crazy Yiuf, but do no damage.
* * * LOW HITPOINT WARNING * * *
You feel sick. You block Crazy Yiuf's attack.
You closely miss Crazy Yiuf. Crazy Yiuf hits you but does no damage.
Your shield and ring mail prevent you from hitting Crazy Yiuf.
Your kick misses Crazy Yiuf. Your peck misses Crazy Yiuf.
* * * LOW HITPOINT WARNING * * *
You feel sick. Crazy Yiuf hits you but does no damage.
You are more poisoned.
You hit Crazy Yiuf. You claw Crazy Yiuf. Your peck misses Crazy Yiuf.
Crazy Yiuf is moderately wounded.
* * * LOW HITPOINT WARNING * * *
You feel sick. Crazy Yiuf closely misses you.
You hit Crazy Yiuf.
Crazy Yiuf is moderately wounded.
* * * LOW HITPOINT WARNING * * *
You feel sick.
Crazy Yiuf hits you with a quarterstaff of chaos.
You die...

###....#
#....#
♣....♣
♣...♣♣
♣♣.♣♣
♣.♣♣
♣♣.♣
♣.♣♣
♣♣@♣ #g#
...
#...#
#..)#
#####


You could see Crazy Yiuf.

Vanquished Creatures
  An adder (D:2)
  A dart slug (D:1)
  A giant gecko (D:1)
  2 ball pythons
  3 bats (D:1)
  4 giant cockroaches
  5 goblins
  A hobgoblin (D:1)
  A quokka (D:2)
  5 kobolds
  4 rats
28 creatures vanquished.

Notes
Turn   | Place    | Note
--------------------------------------------------------------
     0 | D:1      | kobby the Tengu Berserker began the quest for the Orb.
     0 | D:1      | Reached XP level 1. HP: 14/14 MP: 2/2
   523 | D:1      | Reached XP level 2. HP: 17/19 MP: 3/3
   908 | D:1      | Reached XP level 3. HP: 23/23 MP: 4/4
  1486 | D:2      | Found a sacrificial altar of Ru.
  1607 | D:2      | Noticed Crazy Yiuf
  1617 | D:2      | HP: 1/23 [poisoned by Crazy Yiuf]
  1627 | D:2      | HP: 1/23 [poisoned by Crazy Yiuf]
  1627 | D:2      | Slain by Crazy Yiuf

Action                   || total
-------------------------++-------
Melee: Falchion          ||    23
       Kick              ||    31
       Peck              ||    15
       Short sword       ||    85
  Use: Potion            ||     2
 Stab: Sleeping          ||     1
  Eat: Bread ration      ||     1
Armor: Animal skin       ||     6
       Ring mail         ||    20
Dodge: Dodged            ||    59
Block: Buckler           ||    17
